 Dungeon Crawl Stone Soup version 0.27.1-4-g1640c2035a (webtiles) character file.

Game seed: 6623266106682065609

400 unlimited1921 the Vexing (level 6, -3/70 HPs)
             Began as a Gnoll Arcane Marksman on Nov 10, 2021.
             Engulfed by a cloud of flame (4 damage)
             ... on level 3 of the Dungeon on Nov 11, 2021.
             The game lasted 00:30:16 (4919 turns).

unlimited1921 the Vexing (Gnoll Arcane Marksman)    Turns: 4919, Time: 00:30:17

Health: -3/70      AC: 23    Str: 12    XL:     6   Next: 84%
Magic:  4/11       EV:  2    Int: 12    God:
Gold:   133        SH:  0    Dex: 12    Spells: 3/12 levels left

rFire    + . .     SeeInvis .   a - +0 hand crossbow
rCold    . . .     Faith    .   (no shield)
rNeg     + + +     Spirit   .   (armour currently unavailable)
rPois    +         Reflect  .   (helmet currently unavailable)
rElec    .         Harm     .   (cloak currently unavailable)
rCorr    .         Rampage  .   (gloves currently unavailable)
Will     .....     NoTele   +   (boots currently unavailable)
Stlth    ++........             (no amulet)
HPRegen  0.21/turn              x - ring of protection from fire
MPRegen  0.12/turn              (no ring)

@: tree-form
A: stationary, stasis, torment immunity, boosted hp, (fangs 1), strong nose,
distributed training
a: no special abilities


You were on level 3 of the Dungeon.
You were a tree.
You visited 1 branch of the dungeon, and saw 4 of its levels.

You collected 133 gold pieces.

Inventory:

Hand Weapons
 a - a +0 hand crossbow (weapon)
 b - a +0 short sword of electrocution
 e - a +0 rapier
 n - a +0 whip
 A - a +0 vorpal mace
Missiles
 c - 13 bolts (quivered ammo)
 o - 5 boomerangs
 t - 174 stones
 v - 4 poisoned darts (quivered)
 w - 24 arrows
Armour
 d - a +0 robe (melded)
 g - a +0 ring mail
 p - a +0 scale mail
 z - a +0 scale mail
 B - a +0 pair of boots
 C - a +0 leather armour
Magical Staves
 l - a staff of cold
Jewellery
 x - a ring of protection from fire (left branch)
Scrolls
 h - a scroll of immolation {unknown}
 i - a scroll of blinking {unknown}
 j - a scroll of identify {unknown}
 k - a scroll of noise {unknown}
 m - 2 scrolls of silence
 r - a scroll of teleportation {unknown}
 y - a scroll of enchant weapon {unknown}
Potions
 f - a potion of lignification


   Skills:
 + Level 3.3 Fighting
 + Level 2.1 Short Blades
 + Level 2.1 Long Blades
 + Level 2.1 Axes
 + Level 2.1 Maces & Flails
 + Level 2.1 Polearms
 + Level 2.1 Staves
 + Level 2.1 Slings
 + Level 2.1 Bows
 + Level 5.0 Crossbows
 + Level 2.1 Throwing
 + Level 2.1 Armour
 + Level 5.0 Dodging
 + Level 2.1 Stealth
 + Level 2.1 Shields
 + Level 2.1 Unarmed Combat
 + Level 3.5 Spellcasting
 + Level 1.7 Conjurations
 + Level 5.7 Hexes
 + Level 1.7 Summonings
 + Level 1.7 Necromancy
 + Level 1.7 Translocations
 + Level 1.7 Transmutations
 + Level 1.7 Fire Magic
 + Level 1.7 Ice Magic
 + Level 1.7 Air Magic
 + Level 1.7 Earth Magic
 + Level 1.7 Poison Magic
 + Level 2.3 Invocations
 + Level 2.1 Evocations


You had 3 spell levels left.
You knew the following spells:

 Your Spells              Type           Power      Damage    Failure   Level
a - Corona                Hex            16%        N/A       2%          1
b - Slow                  Hex            15%        N/A       3%          2
c - Inner Flame           Hex/Fire       11%        N/A       16%         3
d - Portal Projectile     Hex/Tloc       22%        N/A       16%         3

Your spell library contained the following spells:

 Spells                   Type           Power      Damage    Failure   Level
 Freeze                   Ice            24%        1d5       12%         1
 Frozen Ramparts          Ice            12%        1d3       34%         3
 Stone Arrow              Conj/Erth      12%        3d7       34%         3
 Cause Fear               Hex            7%         N/A       22%         4
 Hailstorm                Conj/Ice       6%         3d4       75%         4
 Bolt of Magma            Conj/Fire/Erth 3%         4d5       97%         5
 Shatter                  Erth           3%         3d7*      100%        9


Dungeon Overview and Level Annotations

Branches:
Dungeon (4/15)
 Temple: D:4-7

Altars:
Hepliaklqana
Ru
Uskayaw
Wu Jian
Xom
Zin

Shops:
D:4 =


Innate Abilities, Weirdness & Mutations

You are a tree.
Your roots penetrate the ground, keeping you stationary.
You cannot be teleported.
You are immune to unholy pain and torment.
Your maximum health is greatly increased.
Your equipment is partially melded.
((You have very sharp teeth.))
Your uncanny sense of smell can sniff out nearby items.
Your experience applies equally to all skills.


Message History

Aim: a gnoll, wielding a +0 spear (severely wounded, very poisoned, 63% to hit)
You throw a poisoned dart.
The poisoned dart barely misses the hobgoblin.
The poisoned dart hits the gnoll.
The gnoll looks even sicker.
The gnoll is severely wounded.
The hobgoblin hits you.
* * * LOW HITPOINT WARNING * * *
The kobold barely misses you. The kobold hits you but does no damage.
The gnoll barely misses you.
As you read the scroll of summoning, it crumbles to dust.
Wisps of shadow whirl around you... The gnoll hits you but does no damage.
The hobgoblin barely misses you. The kobold hits you but does no damage.
The kobold barely misses you. The gnoll hits you but does no damage.
You feel better.
Flame seeps out of the hobgoblin.
The gnoll hits you from afar with a +0 spear.
The hobgoblin is engulfed in blazing flames.
The hobgoblin explodes!
The fiery explosion engulfs you! You resist.
* * * LOW HITPOINT WARNING * * *
The fiery explosion engulfs the gnoll!!
You kill the gnoll!
The fiery explosion engulfs the kobold!!!
You kill the kobold!
The fiery explosion engulfs the kobold!!
You kill the kobold!
The fiery explosion engulfs the gnoll!!
You kill the gnoll!
You hear a shout!
You are engulfed in blazing flames.
You resist.
You are engulfed in blazing flames.
You resist.
* * * LOW HITPOINT WARNING * * *
The hobgoblin hits your worm.
A kobold comes into view. It is wielding a +0 short sword.
You are engulfed in blazing flames.
You resist.
* * * LOW HITPOINT WARNING * * *
The hobgoblin hits your worm but does no damage.
Your worm barely misses the hobgoblin.
It was a potion of flight.
Your roots keep you in place.
You are engulfed in blazing flames.
You resist.
You die...

################## ########∆∆
...#.......#.....## ##....(.#∆∆
...#.......'......###.......#∆∆
...#########)..ogg.#........##+
....#..........w§§)#...(.......
....'....)))...w♣g§(()K(?..$(.(#≈
....#.......÷...§§§#........(((#≈
...#########.......#.....(..##' #
...#......†'......###.......# #
.).#.....†.#.....## ##......# #
''########################### #
...≈≈≈≈≈≈≈≈≈≈≈≈≈≈≈≈≈≈≈≈≈≈≈≈≈#####
....≈≈≈≈≈≈≈≈≈≈≈≈≈≈≈≈≈≈≈≈≈≈≈≈≈≈≈≈≈
...≈≈≈≈≈≈≈≈≈≈≈≈≈≈≈≈≈≈≈≈≈≈≈≈≈≈≈≈≈≈


You could see a gnoll, 2 hobgoblins, a kobold, 2 friendly worms and a friendly
orc (summoned).

Vanquished Creatures
  2 kobold brigands (D:3)
  A hound (D:4)
  An orc priest (D:3)
  An orc wizard (D:3)
  6 gnolls (D:3)
  5 adders
  An adder skeleton (D:4)
  A dart slug (D:2)
  2 orcs (D:3)
  2 bats (D:3)
  3 endoplasms
  A giant cockroach (D:1)
  5 goblins
  9 hobgoblins
  4 jackals (D:3)
  5 quokkas
  4 ball pythons (D:1)
  2 frilled lizards
  27 kobolds
  2 rats (D:1)
84 creatures vanquished.

Notes
Turn   | Place    | Note
-------+----------+-------------------------------------------
     0 | D:1      | unlimited1921 the Gnoll Arcane Marksman began the quest for
                  | the Orb.
     0 | D:1      | Reached XP level 1. HP: 17/17 MP: 4/4
   238 | D:1      | Reached XP level 2. HP: 23/23 MP: 2/5
   465 | D:1      | Learned a level 2 spell: Slow
  1228 | D:2      | Reached XP level 3. HP: 18/28 MP: 1/7
  1564 | D:2      | Reached skill level 1 in Invocations
  1703 | D:2      | You fall into a shaft and drop 2 floors!
  1714 | D:4      | Noticed an angel
  1715 | D:4      | Found a glowing silver altar of Zin.
  1717 | D:4      | Found a shimmering altar of Xom.
  1749 | D:4      | Found a sacrificial altar of Ru.
  2024 | D:4      | Found Bifu's Jewellery Shop.
  2027 | D:4      | Found a hide-covered altar of Uskayaw.
  2110 | D:4      | Reached skill level 1 in Short Blades
  2110 | D:4      | Reached skill level 1 in Long Blades
  2110 | D:4      | Reached skill level 1 in Axes
  2110 | D:4      | Reached skill level 1 in Maces & Flails
  2110 | D:4      | Reached skill level 1 in Polearms
  2110 | D:4      | Reached skill level 1 in Staves
  2110 | D:4      | Reached skill level 1 in Slings
  2110 | D:4      | Reached skill level 1 in Bows
  2110 | D:4      | Reached skill level 1 in Throwing
  2110 | D:4      | Reached skill level 1 in Armour
  2110 | D:4      | Reached skill level 1 in Stealth
  2110 | D:4      | Reached skill level 1 in Shields
  2110 | D:4      | Reached skill level 1 in Unarmed Combat
  2110 | D:4      | Reached skill level 1 in Evocations
  2274 | D:4      | Reached XP level 4. HP: 34/34 MP: 3/8
  2751 | D:4      | Reached skill level 1 in Conjurations
  2751 | D:4      | Reached skill level 1 in Summonings
  2751 | D:4      | Reached skill level 1 in Necromancy
  2751 | D:4      | Reached skill level 1 in Translocations
  2751 | D:4      | Reached skill level 1 in Transmutations
  2751 | D:4      | Reached skill level 1 in Fire Magic
  2751 | D:4      | Reached skill level 1 in Ice Magic
  2751 | D:4      | Reached skill level 1 in Air Magic
  2751 | D:4      | Reached skill level 1 in Earth Magic
  2751 | D:4      | Reached skill level 1 in Poison Magic
  2934 | D:4      | Found an ornate altar of the Wu Jian Council.
  3060 | D:3      | Reached XP level 5. HP: 35/40 MP: 6/9
  3647 | D:3      | Learned a level 3 spell: Inner Flame
  3651 | D:3      | Learned a level 3 spell: Portal Projectile
  4239 | D:3      | Found a hazy altar of Hepliaklqana.
  4681 | D:3      | Noticed a kobold brigand
  4687 | D:3      | Killed a kobold brigand
  4688 | D:3      | Reached XP level 6. HP: 45/47 MP: 0/11
  4693 | D:3      | Reached skill level 5 in Crossbows
  4693 | D:3      | Reached skill level 5 in Dodging
  4918 | D:3      | HP: 1/70 [cloud of flame (6)]
  4919 | D:3      | Engulfed by a cloud of flame

Illustrated notes

Levels and vault maps discovered:
D:1:      saegor_arrival_simple_c, layout_basic
D:2:      layout_basic, ebering_ecumenical_altar_hall, minmay_pentomino_z2
D:3:      minmay_goblin_kobold_castle, layout_loops_cross,
          worldfamousw_hep_ancestral_shrine
D:4:      layout_cave_pools, grunt_temple_overflow_order_and_chaos_1,
          lemuel_round_altar, mainiacjoe_overflow_catwalk_spiral, serial_shops,
          shop

Skill      XL: |  1  2  3  4  5  6 |
---------------+-------------------+-----
Invocations    | 1 2 |  2.3
Short Blades   | 1 2 |  2.1
Long Blades    | 1 2 |  2.1
Axes           | 1 2 |  2.1
Maces & Flails | 1 2 |  2.1
Polearms       | 1 2 |  2.1
Staves         | 1 2 |  2.1
Slings         | 1 2 |  2.1
Bows           | 1 2 |  2.1
Throwing       | 1 2 |  2.1
Armour         | 1 2 |  2.1
Stealth        | 1 2 |  2.1
Shields        | 1 2 |  2.1
Unarmed Combat | 1 2 |  2.1
Evocations     | 1 2 |  2.1
Spellcasting   | 3 |  3.5
Conjurations   | 1 |  1.7
Summonings     | 1 |  1.7
Necromancy     | 1 |  1.7
Translocations | 1 |  1.7
Transmutations | 1 |  1.7
Fire Magic     | 1 |  1.7
Ice Magic      | 1 |  1.7
Air Magic      | 1 |  1.7
Earth Magic    | 1 |  1.7
Poison Magic   | 1 |  1.7
Fighting       | 3 |  3.3
Crossbows      | 5 |  5.0
Dodging        | 5 |  5.0
Hexes          | |  5.7

Action                   |  1- 3 |  4- 6 || total
-------------------------+-------+-------++-------
Melee: Short sword       |    21 |       ||    21
       Bite              |     1 |     1 ||     2
       Punch             |     1 |       ||     1
       Mace              |       |    11 ||    11
 Fire: Hand crossbow     |    51 |    89 ||   140
Throw: Boomerang         |     1 |       ||     1
       Dart              |       |    16 ||    16
 Cast: Corona            |    43 |    34 ||    77
       Slow              |     8 |     5 ||    13
       Inner Flame       |       |     4 ||     4
  Use: Scroll            |     1 |     2 ||     3
       Potion            |       |     4 ||     4
 Stab: Sleeping          |     1 |       ||     1
Armor: Robe              |     5 |    11 ||    16
       Skin              |       |    15 ||    15
Dodge: Dodged            |    23 |    38 ||    61
